 Dungeon Crawl Stone Soup version 0.31.0-9-g3a7656b989 (webtiles) character file.

Game seed: 11077437982610239043

259 Marvel the Cudgeller (level 5, 0/53 HPs)
             Began as a Troll Berserker on Feb 6, 2024.
             Was a Believer of Trog.
             Slain by an orc wizard
             ... wielding a +0 dagger
              (2 damage)
             ... on level 4 of the Dungeon.
             The game lasted 00:02:22 (2365 turns).

Marvel the Cudgeller (Troll Berserker)              Turns: 2365, Time: 00:02:23

Health: 0/53       AC:  4    Str: 27    XL:     5   Next: 95%
Magic:  4/4        EV: 10    Int:  3    God:    Trog [**....]
Gold:   188        SH:  0    Dex:  9    Spells: 4/4 levels left

rFire   . . .        p - +1 flail (heavy)
rCold   . . .        (no shield)
rNeg    . . .        b - +0 animal skin
rPois   .            (helmet restricted)
rElec   .            (no cloak)
rCorr   .            (gloves unavailable)
SInv    .            (boots unavailable)
Will    .....        (no amulet)
Stlth   +            (no ring)
HPRegen 1.08/turn    (no ring)
MPRegen 0.09/turn

%: no passive effects
@: lethally poisoned (0 -> -13)
A: large, unfitting armour, claws 3, regeneration 1, shaggy fur 1, tough skin 1
a: Renounce Religion, Berserk, Trog's Hand


You were on level 4 of the Dungeon.
You worshipped Trog.
Trog was pleased with you.
You visited 1 branch of the dungeon, and saw 4 of its levels.

You collected 188 gold pieces.

Inventory:

Hand Weapons
 a - a +0 mace
 p - a +1 heavy flail (weapon)
Missiles
 d - a throwing net (quivered)
Armour
 b - a +0 animal skin (worn)
Jewellery
 l - a ring of ice
Scrolls
 f - a scroll of revelation {unknown}
 g - a scroll of fear {unknown}
 h - 4 scrolls of teleportation {unknown}
 i - a scroll of blinking {unknown}
 j - 2 scrolls of poison {unknown}
 k - a scroll of vulnerability {unknown}
 m - a scroll of summoning {unknown}
 o - a scroll of identify {unknown}
Potions
 c - a potion of cancellation
 e - a potion of attraction {unknown}
 n - a potion of brilliance {unknown}
 q - a potion of lignification {unknown}


   Skills:
 + Level 3.2 Fighting
 + Level 4.8 Maces & Flails
 + Level 3.3 Dodging
 + Level 0.2 Stealth


You had 4 spell levels left.
You didn't know any spells.
Your spell library was empty.

Dungeon Overview and Level Annotations

Branches:
Dungeon (4/15)
 Temple: D:4-7

Altars:
Qazlal
Wu Jian

Shops:
D:4 !


Innate Abilities, Weirdness & Mutations

You are too large for most types of armour.
You have claws for hands.
Your natural rate of healing is unusually fast.
You are covered in fur. (AC +1)
You have tough skin. (AC +1)


Message History

You hear some strange, mumbled words.
You are confused.
The orc wizard closely misses you.
The orc hits you with a +2 whip of venom.
You are more poisoned.
You are too confused!
You are too confused!
You miss the orc wizard.
You feel extremely sick. The orc wizard barely misses you.
The orc hits you with a +2 whip of venom.
You are more poisoned.
The orc wizard casts a spell at you. The magic dart hits you!
The orc hits you but does no damage.
You are more poisoned.
A magic dart appears from out of thin air!
The magic dart hits you.
You barely miss the orc wizard.
You feel extremely sick. The orc wizard barely misses you.
The orc wizard hits you but does no damage.
You are too confused!
You barely miss the orc wizard.
You feel extremely sick.
The orc hits you with a +2 whip of venom.
* * * LOW HITPOINT WARNING * * *
You are lethally poisoned!
Something hits you but does no damage. The orc wizard barely misses you.
Something hits you but does no damage. The orc hits you but does no damage.
You are more poisoned.
It was a potion of cancellation.
Your magical effects are unravelling.
You feel magically purged.
You feel less confused.
* * * LOW HITPOINT WARNING * * *
You feel extremely sick.
The orc wizard hits you with a +0 dagger.
* * * LOW HITPOINT WARNING * * *
The orc misses you. Something hits you.
You die...

.....#............
...#.#.....#####......#
...#.#.......###......#
.............##.......#.
.............##.........
.............##.≈≈~.#...
#..........####.~∩≈.....
...........# ##{≈≈≈.....
...........###.o@o......
..........###.....##...#
........###....#.## .
##..................
###......#....#....
#......#....+......
#..........#.##....#.
#..#.#.#.#.#.##....#
#............. ...


You could see an orc wizard and an orc.

Vanquished Creatures
  A scorpion (D:3)
  2 bombardier beetles
  Terence (D:3)
  3 adders
  A ribbon worm (D:3)
  4 dart slugs
  An orc (D:3)
  4 bats
  8 endoplasms
  5 giant cockroaches
  6 goblins
  4 hobgoblins
  6 jackals
  4 kobolds
  2 quokkas
  4 ball pythons
  A frilled lizard (D:1)
  8 rats
65 creatures vanquished.

Notes
Turn   | Place    | Note
-------+----------+-------------------------------------------
     0 | D:1      | Marvel the Troll Berserker began the quest for the Orb.
     0 | D:1      | Reached XP level 1. HP: 22/22 MP: 0/0
   180 | D:1      | Reached XP level 2. HP: 29/29 MP: 1/1
   257 | D:1      | Reached skill level 3 in Maces & Flails
   851 | D:2      | Reached XP level 3. HP: 33/36 MP: 2/2
   998 | D:2      | Reached ** piety under Trog
  1731 | D:3      | Noticed a scorpion
  1744 | D:3      | Killed a scorpion
  1745 | D:3      | Reached skill level 4 in Maces & Flails
  1745 | D:3      | Reached XP level 4. HP: 30/45 MP: 3/3
  1840 | D:3      | Reached XP level 5. HP: 42/53 MP: 4/4
  2006 | D:3      | Noticed Terence
  2017 | D:3      | Killed Terence
  2188 | D:3      | Found a stormy altar of Qazlal.
  2264 | D:4      | Found an ornate altar of the Wu Jian Council.
  2353 | D:4      | Found Wumaid's Distillery.
  2365 | D:4      | HP: 2/53 [orc wizard/+0 dagger (3)]
  2365 | D:4      | Slain by an orc wizard

Illustrated notes

Levels and vault maps discovered:
D:1:      sevenhm_arrival_forest_fort_small_3, layout_basic
D:2:      layout_basic, serial_corexii_hall, chequers_hall_statues_wall_a,
          corexii_hall_statues_t, chequers_hall_statues_corner_a,
          corexii_hall_statues_x
D:3:      minmay_razor_zed, layout_rooms, nicolae_qazlal_scattered_showers,
          uniq_terence
D:4:      layout_basic, mainiacjoe_overflow_boulevard, serial_shops,
          nicolae_diamond_shop, nicolae_shop_statue_plus,
          nicolae_shop_industrial_runoff, serial_glass, glass_columns_b,
          glass_columns_a, glass_columns_b, glass_columns_a, glass_columns_a,
          glass_columns_b, glass_columns_c, glass_columns_c, feat_on_display,
          due_unseen_surprise, minmay_strange_pillars, item_on_display_a,
          uniq_grinder

Skill      XL: |  1  2  3 |
---------------+----------+-----
Maces & Flails | 3 4 |  4.8
Dodging        | 3 |  3.3
Fighting       | 3 |  3.2
Stealth        | |  0.2

Action                     |  1- 3 |  4- 6 || total
---------------------------+-------+-------++-------
  Melee: Mace              |   126 |    52 ||   178
         Flail             |       |    24 ||    24
    Use: Potion            |       |     1 ||     1
 Armour: Animal skin       |    65 |    65 ||   130
  Dodge: Dodged            |    80 |    44 ||   124
